 Dungeon Crawl Stone Soup version 0.31-a0-1589-g8f5e8aebd6 (webtiles) character file.

Game seed: 2570965617111106565

58 voltaire321 the Conjurer (level 3, -3/39 HPs)
             Began as a Demonspawn Conjurer on Jan 6, 2024.
             Slain by Terence
             ... wielding a +2 hand axe of flaming
              (7 damage)
             ... on level 2 of the Dungeon.
             The game lasted 00:03:57 (1695 turns).

voltaire321 the Conjurer (Demonspawn Conjurer)      Turns: 1695, Time: 00:03:57

Health: -3/39      AC:  2    Str:  9    XL:     3   Next: 75%
Magic:  4/6        EV: 12    Int: 18    God:
Gold:   91         SH:  0    Dex: 11    Spells: 3/6 levels left

rFire   . . .        l - +2 spear (venom)
rCold   . . .        (no shield)
rNeg    + . .        a - +0 robe
rPois   .            (helmet restricted)
rElec   .            (no cloak)
rCorr   .            (no gloves)
SInv    .            (no boots)
Will    .....        (no amulet) Stlth
                     e - ring of positive energy
HPRegen 0.26/turn    (no ring)
MPRegen 0.10/turn

%: no passive effects
@: berserking (expiring), very quick
A: antennae 1, foul stench 1
a: no special abilities


You were on level 2 of the Dungeon.
You visited 1 branch of the dungeon, and saw 2 of its levels.

You collected 130 gold pieces.
You spent 39 gold pieces at shops.

Inventory:

Hand Weapons
 h - a +1 short sword of speed
 j - a +1 dagger of venom
 l - a +2 spear of venom (weapon)
Armour
 a - a +0 robe (worn)
Jewellery
 e - a ring of positive energy (left hand)
 g - a ring of ice
Wands
 n - a wand of flame (30)
Scrolls
 c - 3 scrolls of teleportation
 d - 2 scrolls of immolation {unknown}
 f - a scroll of identify {unknown}
 k - a scroll of silence {unknown}
Potions
 b - a potion of magic
 i - a potion of degeneration {unknown}
 m - a potion of berserk rage


   Skills:
 + Level 1.3 Fighting
 + Level 1.2 Armour
 + Level 2.2 Dodging
 - Level 1.7 Stealth
 + Level 2.4 Spellcasting
 + Level 4.3 Conjurations


You had 3 spell levels left.
You knew the following spells:

 Your Spells              Type           Power      Damage    Failure   Level
a - Magic Dart            Conj           68%        1d6       3%          1
b - Searing Ray           Conj           34%        2d5       4%          2

Your spell library contained the following spells:

 Spells                   Type           Power      Damage    Failure   Level
 Sting                    Conj/Alch      36%        1d5       7%          1
 Mercury Vapours          Alch/Air       4%         N/A       26%         2
 Fulminant Prism          Conj/Alch      4%         3d5       56%         4
 Iskenderun's Mystic Bla  Conj/Tloc      9%         2d4       56%         4
 Olgreb's Toxic Radiance  Alch           2%         N/A       86%         4


Dungeon Overview and Level Annotations

Branches:
Dungeon (2/15)

Altars:

Shops:
D:1 *

Annotations:
D:2 Terence


Innate Abilities, Weirdness & Mutations

You have a pair of small antennae on your head.
You may rarely emit foul miasma when damaged in melee.


Message History

Terence the Incautious comes into view.
He is wielding a +2 hand axe of flaming, wearing a +1 chain mail of poison resistance and carrying a wand of flame.
Terence shouts!
Terence zaps a wand.
The puff of flame hits you!
Aiming: Magic Dart (safe; 3% risk of failure)
Press: ? - help, Q - select action, (/) - cycle Shift-Dir - straight line, f - Terence
Aim: Terence, wielding a +2 hand axe of flaming, wearing a +1 chain mail of poison resistance and carrying a wand of flame (100% to hit)
The magic dart hits Terence but does no damage.
Aiming: Magic Dart (safe; 3% risk of failure)
Press: ? - help, Q - select action, (/) - cycle Shift-Dir - straight line, f/p - Terence
Aim: Terence, wielding a +2 hand axe of flaming, wearing a +1 chain mail of poison resistance and carrying a wand of flame (100% to hit)
The magic dart hits Terence.
Terence is lightly wounded.
Terence zaps a wand.
The puff of flame hits you!
Ouch! That really hurt!
* * * LOW HITPOINT WARNING * * *
It was a potion of berserk rage.
A red film seems to cover your vision as you go berserk!
You feel yourself moving faster!
You feel mighty!
You feel a strong urge to attack something.
You are too injured to fight recklessly!
You are too injured to fight recklessly!
You are too injured to fight recklessly!
You are too injured to fight recklessly!
You are too injured to fight recklessly!
You barely miss Terence.
Terence is lightly wounded.
Terence hits you with a +2 hand axe of flaming.
* * * LOW HITPOINT WARNING * * *
Terence burns you.
* * * LOW HITPOINT WARNING * * *
You hit Terence but do no damage.
Terence is lightly wounded.
You hit Terence but do no damage.
Terence is lightly wounded.
Terence hits you but does no damage.
You puncture Terence!
Terence is heavily wounded.
Terence hits you with a +2 hand axe of flaming!
You die...
Terence says, "Time to find some more victims."

#......<......# #.####
#.###.##...##.# #....#
#.##.#..#.# #..#..
#.##..).#.# #..###
#.#####.#.# #..# #.#
#.#.# #..### #.
#.#####.#.###..##.
###..##...[............#
......@@..............##
#######.......########.#
#.####### ##. ...# ##
#####


You could see Terence.

Vanquished Creatures
  2 adders (D:2)
  A dart slug (D:1)
  3 endoplasms
  2 giant cockroaches
  3 goblins
  3 hobgoblins
  3 quokkas
  10 ball pythons
  3 bats (D:1)
  2 frilled lizards (D:1)
  3 kobolds (D:1)
  3 rats
38 creatures vanquished.

Notes
Turn   | Place    | Note
-------+----------+-------------------------------------------
     0 | D:1      | voltaire321 the Demonspawn Conjurer began the quest for the
                  | Orb.
     0 | D:1      | Reached XP level 1. HP: 13/13 MP: 3/3
   214 | D:1      | Found a faded altar of an unknown god.
   375 | D:1      | Gained mutation: You may rarely emit foul miasma when
                  | damaged in melee. [demonic ancestry]
   375 | D:1      | Reached XP level 2. HP: 20/20 MP: 0/5
   998 | D:1      | Found Sifaez Ufiu's General Store.
  1004 | D:1      | Bought a scroll of teleportation for 39 gold pieces
  1165 | D:2      | Reached skill level 1 in Fighting
  1165 | D:2      | Gained mutation: You have a pair of small antennae on your
                  | head. [demonic ancestry]
  1165 | D:2      | Reached XP level 3. HP: 19/26 MP: 1/6
  1280 | D:2      | Learned a level 2 spell: Searing Ray
  1282 | D:2      | Reached skill level 1 in Armour
  1686 | D:2      | Noticed Terence
  1695 | D:2      | Slain by Terence

Illustrated notes

Levels and vault maps discovered:
D:1:      evilmike_arrival_fibonacci_small, layout_basic, serial_shops, shop,
          serial_bayou, serial_bayou_shore_b, serial_bayou_lake_a,
          serial_bayou_pond_d, serial_bayou_crossing,
          shapermc_ecumenical_altar_starsandcircs
D:2:      layout_loops_ring, minmay_shallow_snake_nest, uniq_terence

Skill      XL: |  1  2  3 |
---------------+----------+-----
Dodging        | 2 |  2.2
Fighting       | 1 |  1.3
Armour         | 1 |  1.2
Stealth        | |  1.7
Spellcasting   | |  2.4
Conjurations   | |  4.3

Action                     || total
---------------------------++-------
  Melee: Short sword       ||    10
         Dagger            ||    17
         Spear             ||    34
         Punch             ||     1
   Cast: Magic Dart        ||    47
    Use: Potion            ||     1
   Stab: Sleeping          ||     1
 Armour: Robe              ||    31
  Dodge: Dodged            ||    34

Table legend: (Time is in decaauts)
 A = Elapsed time spent in this place.
 B = Non-inter-level travel time spent in this place.
 C = Inter-level travel time spent in this place.
 D = Time resting spent in this place.
 E = Time spent auto-exploring this place.
 F = Levels seen in this place.
 G = Mean time per level.
                   A        B        C        D        E       F      G
               +--------+--------+--------+--------+--------+-----+--------+
         Total |   1724 |   1702 |     22 |    133 |   1231 |   2 |  862.0 |
       Dungeon |   1724 |   1702 |     22 |    133 |   1231 |   2 |  862.0 |
               +--------+--------+--------+--------+--------+-----+--------+

Top non-repeatable levels by time:
     D:1: 1178 daAuts
     D:2: 546 daAuts
